General information
			
			
        
        - name: jay
 
        - type: Custom game
 
        - host: GODIEPLZ
 
        - saver: GODIEPLZ
 
        
map: TwistedMeadows 
        - players: 2
 
        - length: 10:24
 
        - speed: Fast
 - version: 1.22 W3XP
 - replay type:  Public
 
» download(78 KB)
Players
        team 1 (winner) 
              
              
GODIEPLZ (
pink | 130 APM | 1348 actions | 10:24)
              
 2 Archmage 
 1 Summon Water Elemental
 1 Brilliance Aura
 1 Mountain King 
 1 Storm Bolt
 
                » actions 
                
                | Assign group hotkey | 23 |  | 
| Basic commands | 95 |  | 
| Build / train | 34 |  | 
| ESC pressed | 1 |  | 
| Enter build submenu | 17 |  | 
| Enter hero's abilities submenu | 3 |  | 
| Right click | 677 |  | 
| Select / deselect | 277 |  | 
| Select group hotkey | 185 |  | 
| Use ability | 36 |  | 
                1348 total
 » units 
                
                | Peasant | 8 |  | 
| Footman | 5 |  | 
| Rifleman | 7 |  | 
| Sorceress | 1 |  | 
                21 total
 » upgrades
                
                | Long Rifles | 1 |  | 
| Sorceress Training | 1 |  | 
                2 total
 » buildings
                
                | Altar of Kings | 1 |  | 
| Farm | 7 |  | 
| Barracks | 1 |  | 
| Scout Tower | 1 |  | 
| Arcane Tower | 1 |  | 
| Blacksmith | 1 |  | 
| Lumber Mill | 2 |  | 
| Keep | 1 |  | 
| Arcane Vault | 1 |  | 
| Arcane Sanctum | 2 |  | 
                18 total
 » build order
                00:04 Altar of Kings
00:07 Farm
00:24 Barracks
00:39 Farm
01:39 Scout Tower
01:44 Farm
02:09 Arcane Tower
02:38 Blacksmith
03:17 Lumber Mill
03:43 Lumber Mill
04:20 Farm
04:21 Keep
05:05 Farm
05:51 Arcane Vault
06:02 Farm
06:46 Arcane Sanctum
07:32 Arcane Sanctum
08:26 Farm
» items
                
                | Scroll of Regeneration | 2 |  | 
| Lesser Clarity Potion | 1 |  | 
| Potion of Healing | 1 |  | 
                4 total
  
               team 2 (loser) 
              
              
IPRACTICE2SUCK (
blue | 171 APM | 1780 actions | 10:23)
              
 2 Goblin Alchemist 
 1 Chemical Rage
 1 Acid Bomb
 
                » actions 
                
                | Assign group hotkey | 27 |  | 
| Basic commands | 30 |  | 
| Build / train | 36 |  | 
| Enter build submenu | 14 |  | 
| Enter hero's abilities submenu | 2 |  | 
| Remove unit from queue | 14 |  | 
| Right click | 711 |  | 
| Select / deselect | 175 |  | 
| Select group hotkey | 724 |  | 
| Use ability | 47 |  | 
                1780 total
 » units 
                » buildings
                
                | Moon Well | 4 |  | 
| Ancient of War | 5 |  | 
| Altar of Elders | 2 |  | 
| Hunter's Hall | 1 |  | 
| Tree of Ages | 1 |  | 
                13 total
 » build order
                00:19 Moon Well
00:22 Ancient of War
00:55 Altar of Elders
01:32 Moon Well
02:44 Hunter's Hall
03:09 Ancient of War
03:19 Ancient of War
03:41 Moon Well
04:27 Ancient of War
04:50 Moon Well
04:52 Ancient of War
05:51 Altar of Elders
05:57 Tree of Ages
» items
                 
                Chat log
          (00:11 / All) IPRACTICE2SUCK: captain morgan
(00:13 / All) IPRACTICE2SUCK: is so delicious
(00:18 / All) GODIEPLZ: Yup
(00:28 / All) GODIEPLZ: Am I better
(00:30 / All) GODIEPLZ: or worse
(00:41 / All) IPRACTICE2SUCK: at orc?
(00:42 / All) IPRACTICE2SUCK: idk
(00:43 / All) IPRACTICE2SUCK: play ur ud
(00:54 / All) GODIEPLZ: my solo
(00:55 / All) GODIEPLZ: in general
(00:59 / All) IPRACTICE2SUCK: yes
(01:02 / All) IPRACTICE2SUCK: ur smarter
(01:04 / All) IPRACTICE2SUCK: now
(01:10 / All) GODIEPLZ: sweet
(01:20 / All) IPRACTICE2SUCK: i bet
(01:22 / All) IPRACTICE2SUCK: u wish i had vent
(01:26 / All) IPRACTICE2SUCK: so i can trian u again
(01:32 / All) GODIEPLZ: lol
(01:59 / All) GODIEPLZ: nah I just need to play solo a lot
(02:01 / All) GODIEPLZ: if i did
(02:03 / All) GODIEPLZ: i'd be pretty good
(10:21 / All) IPRACTICE2SUCK: Gg